 Dungeon Crawl Stone Soup version 0.27.1-34-g3ba077fa99 (webtiles) character file.

Game seed: 11468933978208593128

1 comborobin the Sneak (level 1, -1/17 HPs)
             Began as a Vampire Delver on Jan 8, 2022.
             Slain by a hound (5 damage)
             ... on level 4 of the Dungeon.
             The game lasted 00:00:34 (103 turns).

comborobin the Sneak (Vampire Delver)                Turns: 103, Time: 00:00:34

Health: -1/17      AC:  4    Str: 11    XL:     1   Next: 16%
Magic:  1/1        EV: 12    Int: 12    God:
Gold:   0          SH:  0    Dex: 15    Spells: 0/0 levels left

rFire    . . .     SeeInvis +     - Unarmed
rCold    . . .     Faith    .   (no shield)
rNeg     . . .     Spirit   .   a - +0 leather armour
rPois    .         Reflect  .   (no helmet)
rElec    .         Harm     .   (no cloak)
rCorr    .         Rampage  .   (no gloves)
Will     .....                  c - +0 pair of boots
Stlth    +++.......             (no amulet)
HPRegen  0.25/turn              (no ring)
MPRegen  0.07/turn              (no ring)

@: healing quickly, hasted, very quick
A: alive, fangs 3, see invisible, vampiric 1
a: Exsanguinate


You were on level 4 of the Dungeon.
You visited 1 branch of the dungeon, and saw 3 of its levels.

Inventory:

Armour
 a - a +0 leather armour (worn)
 c - a +0 pair of boots (worn)
Wands
 f - a wand of digging (3)
 g - a wand of polymorph (12)
Scrolls
 b - a scroll of fog
 d - a scroll of fear


   Skills:
 - Level 2.6 Fighting
 - Level 2.1 Dodging
 - Level 7.2 Stealth
 + Level 2.3 Unarmed Combat


You couldn't memorise any spells.
You didn't know any spells.
Your spell library was empty.

Dungeon Overview and Level Annotations

Branches:
Dungeon (6/15)
 Temple: D:4-7

Altars:
Nemelex Xobeh


Innate Abilities, Weirdness & Mutations

Your natural rate of healing is accelerated.
You have razor-sharp teeth.
You have supernaturally acute eyesight. (SInv)
You are afflicted with vampirism.


Message History

You bump into the rock wall.
The kobold misses you. The hound closely misses you.
You hit the kobold but do no damage. The hound bites you.
You barely miss the kobold.
You feel less invigorated.
You feel less confused. The kobold hits you but does no damage.
The hound misses you.
You closely miss the kobold. The kobold closely misses you.
The hound closely misses you.
You hit the kobold.
The kobold is moderately wounded.
The hound bites you. The kobold hits you with a +0 dagger.
You barely miss the kobold. Your bite misses the kobold.
The kobold is moderately wounded.
The hound bites you but does no damage.
You hit the kobold.
You kill the kobold!
The hound misses you. The hound bites you.
You see here a +0 dagger.
You closely miss the hound. Your bite misses the hound.
The hound barely misses you.
You hit the hound but do no damage. Your bite misses the hound.
The hound bites you but does no damage.
You closely miss the hound. You hit the hound.
The hound is lightly wounded.
The hound bites you. x2
* * * LOW HITPOINT WARNING * * *
You hit the hound but do no damage.
The hound is lightly wounded.
You hit the hound.
The hound is lightly wounded.
The hound misses you.
You completely miss the hound. Your bite misses the hound.
The hound is lightly wounded.
The hound barely misses you.
You hit the hound.
The hound is moderately wounded.
The hound bites you.
You die...

#####
#...#
♣.h@♣
#.....(.#
#.>.♣.<.#
#.......#
##♣...♣##
#...#
##.## ..


You could see a hound.

Vanquished Creatures
  2 kobolds
2 creatures vanquished.

Notes
Turn   | Place    | Note
-------+----------+-------------------------------------------
     0 | D:5      | comborobin the Vampire Delver began the quest for the Orb.
     0 | D:5      | Reached XP level 1. HP: 17/17 MP: 1/1
     4 | D:6      | Noticed a necrophage
     6 | D:6      | Noticed a hound
    26 | D:6      | Noticed a hornet
    84 | D:4      | Noticed a hound
   103 | D:4      | Slain by a hound

Illustrated notes

Levels and vault maps discovered:
D:4:      layout_cave_pools, cheibrodos_sewer_entry_sluice, serial_rivers,
          chequers_serial_rivers_room_b, chequers_serial_rivers_micro_d,
          chequers_serial_rivers_room_b, chequers_serial_rivers_marsh,
          grunt_ministairs_7, uniq_pikel
D:5:      layout_cave_pools, chequers_temple_overflow_statue_of_worship,
          serial_shops, nicolae_shop_statue_plus, serial_column_ruins,
          column_ruins_hut_pillars, column_ruins_hut, column_ruins_grid_2,
          column_ruins_grid_1, column_ruins_grid_1,
          column_ruins_corridor_straight, column_ruins_grid_1,
          column_ruins_corridor_straight, guppyfry_early_orc_mine
D:6:      layout_rooms

Action                   || total
-------------------------++-------
Melee: Unarmed           ||    16
       Bite              ||     1
  Use: Potion            ||     2
       Scroll            ||     1
Armor: Leather armour    ||     5
Dodge: Dodged            ||    11
